[Event "Team 45 45 League T64"]
[Site "Internet Chess Club"]
[Date "2015.04.05"]
[Round "5"]
[White "mindchess"]
[Black "varavind"]
[Result "0-1"]
[WhiteElo "1280"]
[BlackElo "1300"]
[Opening "QGD: Harrwitz attack"]
[ECO "D35"]
[Time "18:01:32"]
[TimeControl "2700+45"]

1. d4 d5 2. c4 e6 3. Nc3 Nf6 4. Bf4 Nbd7 5. Nb5 Bb4+ 6. Nc3 O-O 7. Nf3 c5 8. a3
Bxc3+ 9. bxc3 cxd4 10. cxd4 Re8 11. c5 Nh5 12. Bg5 Qc7 13. g3 e5 14. Bg2 e4 15.
Nh4 Nhf6 16. O-O b6 17. cxb6 Qxb6 18. f3 Qe6 19. Re1 Rb8 20. f4 h6 21. f5 Qb6
22. Bf4 Ra8 23. Qb1 Qxd4+ 24. Kh1 g5 25. Rd1 Qb6 26. Qxb6 Nxb6 27. Be3 gxh4 28.
Bxh6 hxg3 29. hxg3 Bxf5 30. Rf1 Ng4 31. Rxf5 Nxh6 32. Rg5+ Kh7 33. Bh3 Rg8 34.
Rxg8 Rxg8 35. Rg1 e3 36. Kh2 Ng4+ 37. Kg2 d4 38. Rf1 Nf2 39. Bf5+ Kh6 40. Kf3
Nd5 41. Rg1 Kg5 42. Bc2 Kf6 43. Rb1 Rc8 44. Bb3 Ke5 45. Bc4 Rxc4 {White resigns}
0-1

[Event "Team 45 45 League T64"]
[Site "Internet Chess Club"]
[Date "2015.04.04"]
[Round "5"]
[White "bmw2002"]
[Black "Berke"]
[Result "1-0"]
[WhiteElo "1520"]
[BlackElo "1621"]
[Opening "English opening"]
[ECO "A20"]
[Time "13:02:09"]
[TimeControl "2700+45"]

1. c4 e5 2. g3 Nf6 3. Bg2 d5 4. cxd5 Nxd5 5. Nf3 Nc6 6. O-O Nb6 7. Nc3 Be7 8. d3
O-O 9. a3 Re8 10. b4 a5 11. b5 Nd4 12. Bb2 f6 13. a4 Be6 14. Nxd4 exd4 15. Ne4
f5 16. Nd2 Bd5 17. Nf3 Bxf3 18. Bxf3 Rb8 19. Qb3+ Kh8 20. Rfc1 Bf6 21. Rc5 Qd7
22. Rac1 Na8 23. Rd5 Qe6 24. Qc2 Nb6 25. Rc5 Na8 26. Rc4 Red8 27. Ba3 Nb6 28.
Rxc7 Be5 29. Rxb7 {Black resigns} 1-0

[Event "Team 45 45 League T64"]
[Site "Internet Chess Club"]
[Date "2015.04.04"]
[Round "5"]
[White "HorseRadish"]
[Black "Mitochondria"]
[Result "0-1"]
[WhiteElo "1406"]
[BlackElo "1533"]
[Opening "King's Indian: London system"]
[ECO "A48"]
[Time "22:01:49"]
[TimeControl "2700+45"]

1. d4 Nf6 2. Nf3 g6 3. Bf4 Bg7 4. e3 d6 5. h3 O-O 6. Be2 Nbd7 7. O-O c5 8. c3
cxd4 9. exd4 b6 10. Re1 Bb7 11. Bh2 Ne8 12. Nbd2 e5 13. dxe5 dxe5 14. Bb5 f6 15.
Ne4 Bxe4 16. Rxe4 Nc5 17. Re1 Nc7 18. Bc4+ Kh8 19. a3 Qc8 20. Qc2 e4 21. Nd2 f5
22. Ba2 Nd3 23. Rf1 Ne6 24. Qb3 Nec5 25. Qc2 Qd8 26. Nc4 Rc8 27. Nd6 Rc7 28.
Nxf5 gxf5 29. Bxc7 Qxc7 30. Qd2 Rf6 31. Qg5 h6 32. Qh5 Qc8 33. Rad1 Nf4 34. Qh4
Ncd3 35. Rd2 Rg6 36. g4 fxg4 37. Kh2 gxh3 38. Rxd3 Nxd3 39. Qxh3 Be5+ 40. f4
exf3+ 41. Qg3 Bxg3+ 42. Kg1 Bf4+ {White resigns} 0-1

[Event "Team 45 45 League T64"]
[Site "Internet Chess Club"]
[Date "2015.04.05"]
[Round "5"]
[White "Zyme"]
[Black "dabodhi"]
[Result "0-1"]
[WhiteElo "1264"]
[BlackElo "1366"]
[Opening "QGD: Tarrasch defense"]
[ECO "D32"]
[Time "21:09:32"]
[TimeControl "2700+45"]

1. d4 d5 2. c4 e6 3. Nc3 c5 4. dxc5 Bxc5 5. cxd5 exd5 6. Nf3 d4 7. Nb5 Qa5+ 8.
Qd2 Qxb5 9. Nxd4 Qb6 10. e3 Nc6 {White resigns} 0-1

[Event "Team 45 45 League T64"]
[Site "Internet Chess Club"]
[Date "2015.04.05"]
[Round "5"]
[White "tamky70"]
[Black "artspir"]
[Result "1-0"]
[WhiteElo "1352"]
[BlackElo "1249"]
[Opening "Réti opening"]
[ECO "A04"]
[Time "10:00:23"]
[TimeControl "2700+45"]

1. Nf3 c6 2. e4 d5 3. exd5 cxd5 4. d4 Nf6 5. c3 Bf5 6. Nbd2 Nbd7 7. Be2 e6 8.
Nh4 Bg6 9. Nxg6 hxg6 10. Nf3 Bd6 11. Bg5 Qb6 12. Qb3 Qxb3 13. axb3 Ne4 14. Be3
O-O 15. Ng5 Nxg5 16. Bxg5 f6 17. Bd2 Rfe8 18. Bb5 Re7 19. O-O Nb6 20. Bd3 f5 21.
Bg5 Rf7 22. Rfe1 Re8 23. Bb5 Nd7 24. Rxa7 f4 25. Rxb7 Rb8 26. Rxb8+ Nxb8 27.
Rxe6 Rf5 28. Rxd6 Rxg5 29. Rd8+ Kh7 30. Rxb8 f3 31. g3 Rg4 32. Re8 Re4 33. Rxe4
dxe4 34. Bc6 e3 35. fxe3 f2+ 36. Kxf2 Kh6 37. d5 Kh5 38. d6 g5 39. d7 {Black
resigns} 1-0

[Event "Team 45 45 League T64"]
[Site "Internet Chess Club"]
[Date "2015.04.02"]
[Round "5"]
[White "deancorso1"]
[Black "primerpaso"]
[Result "1-0"]
[WhiteElo "1789"]
[BlackElo "1853"]
[Opening "Nimzo-Indian: Reshevsky variation"]
[ECO "E46"]
[Time "17:08:05"]
[TimeControl "2700+45"]

1. d4 Nf6 2. c4 e6 3. Nc3 Bb4 4. e3 O-O 5. Ne2 d5 6. a3 Be7 7. cxd5 exd5 8. Nf4
c6 9. Bd3 Re8 10. O-O Bd6 11. f3 Nbd7 12. e4 dxe4 13. fxe4 Bxf4 14. Bxf4 Nf8 15.
e5 Qxd4+ 16. Rf2 Rd8 17. exf6 Ne6 18. Bxh7+ Kxh7 19. Qh5+ Kg8 20. fxg7 Nxg7 21.
Qg5 f6 22. Qg3 Be6 23. h3 Kf7 24. Be3 Qd6 25. Qg5 Qe7 26. Raf1 f5 27. Qxe7+ Kxe7
28. Bg5+ Ke8 29. Bxd8 Rxd8 30. Rd1 Rc8 31. Re2 Kf7 32. Rde1 Rc7 33. Nd1 c5 34.
Nf2 c4 35. g4 b5 36. gxf5 Bxf5 37. Ng4 a5 38. Nh6+ Kg6 39. Nxf5 Nxf5 40. Re6+
Kf7 41. Ra6 c3 42. bxc3 Rxc3 43. Rxa5 Rxh3 44. Rxb5 Nd4 45. Rb7+ Kf6 46. Rd1 Rh4
47. Rb4 Ke5 48. Kg2 Kd5 49. Kg3 Re4 50. Rb8 Kc5 51. Rc1+ Kd6 52. Rd8+ Ke7 53.
Ra8 Ne2+ 54. Kf3 Re6 55. Re1 Nd4+ 56. Kf2 Rxe1 57. Kxe1 Kd7 58. Kd2 Kc7 59. Kc3
Kb7 60. Rh8 Nc6 61. Kc4 Kb6 62. Rh6 Kb7 63. Kc5 Nb8 64. Kb5 Nd7 65. a4 Nb8 66.
a5 Ka8 67. Rh7 {Black resigns} 1-0

[Event "Team 45 45 League T64"]
[Site "Internet Chess Club"]
[Date "2015.04.02"]
[Round "5"]
[White "frank001"]
[Black "Axagus"]
[Result "1-0"]
[WhiteElo "1840"]
[BlackElo "1731"]
[Opening "French: Tarrasch, closed variation"]
[ECO "C05"]
[Time "14:01:45"]
[TimeControl "2700+45"]

1. e4 e6 2. d4 d5 3. Nd2 Nf6 4. Bd3 c5 5. c3 Nc6 6. Ngf3 cxd4 7. cxd4 dxe4 8.
Nxe4 Bb4+ 9. Nc3 O-O 10. O-O b6 11. a3 Be7 12. Re1 Bb7 13. Bc2 h6 14. Qd3 Na5
15. b4 Bxf3 16. gxf3 Nc6 17. Ne4 g6 18. Bxh6 Re8 19. Be3 Kg7 20. Rac1 Rh8 21.
Red1 Rc8 22. Ba4 Nb8 23. Ng3 Qd5 24. Bf4 Nbd7 25. Bb3 Qb7 26. Qe2 Rh7 27. Nf1
Qa8 28. Rxc8 Qxc8 29. Rc1 Qh8 30. d5 e5 31. Bxe5 Nxe5 32. Qxe5 Rh5 33. Qd4 Rg5+
34. Kh1 Qh3 35. Ng3 Kh6 36. d6 Bd8 37. Bxf7 Qd7 38. Bb3 Qe8 39. Qh4+ Nh5 40. Qd4
Bf6 41. Qd2 Qa8 42. Qe3 Kh7 43. Rc7+ Kh6 44. Ne4 Qd8 45. Nxg5 Bxg5 46. Qe6 Nf6
47. Rc8 {Black resigns} 1-0

[Event "Team 45 45 League T64"]
[Site "Internet Chess Club"]
[Date "2015.04.05"]
[Round "5"]
[White "drbishop"]
[Black "Heian"]
[Result "1-0"]
[WhiteElo "1742"]
[BlackElo "1720"]
[Opening "Queen's gambit declined"]
[ECO "D30"]
[Time "17:00:50"]
[TimeControl "2700+45"]

1. d4 d5 2. c4 e6 3. Nf3 c6 4. Nc3 f5 5. e3 Nf6 6. cxd5 exd5 7. Bd3 Bd6 8. O-O
O-O 9. Bd2 Ne4 10. Ne5 Nd7 11. f4 Qe7 12. Nxe4 fxe4 13. Be2 Bc7 14. Rc1 Nxe5 15.
dxe5 Bb6 16. Qb3 Be6 17. a4 Kh8 18. a5 d4 19. Qa4 dxe3 20. Bb4 c5 21. Ba3 Bd7
22. Qb3 Bxa5 23. Bxc5 Qe8 24. Bxf8 Qxf8 25. Qxb7 Be6 26. Qxe4 Bd2 27. Bd3 g6 28.
Rc7 Rb8 29. Rxa7 Qc5 30. Rxh7+ Kg8 31. Qxg6+ Kf8 32. Qg7+ Ke8 33. Rh8+ {Black
resigns} 1-0

[Event "Team 45 45 League T64"]
[Site "Internet Chess Club"]
[Date "2015.04.03"]
[Round "5"]
[White "Portola"]
[Black "victoriosan"]
[Result "1-0"]
[WhiteElo "1733"]
[BlackElo "1460"]
[Opening "Queen's pawn game"]
[ECO "A45"]
[Time "17:04:32"]
[TimeControl "2700+45"]

1. d4 Nf6 2. c3 g6 3. Nf3 Bg7 4. Bg5 d6 5. Nbd2 O-O 6. e3 Nbd7 7. Bc4 c5 8. O-O
d5 9. Bd3 c4 10. Bc2 Re8 11. e4 dxe4 12. Nxe4 Nd5 13. Nd6 Rf8 14. Nxc4 Qc7 15.
Bb3 b5 16. Na3 Qc6 17. c4 bxc4 18. Bxc4 N7f6 19. Qb3 Bf5 20. Ne5 Qd6 21. Bxf6
Nxf6 22. Nxf7 Qxd4 23. Rad1 Qb6 24. Nh6+ Kh8 25. Nxf5 gxf5 26. Qxb6 axb6 27.
Rfe1 Ne4 28. Bd5 Ra4 29. Bc6 Rb4 30. Bxe4 fxe4 31. b3 Bd4 32. Re2 e3 33. fxe3
Bc5 34. Nc2 Rbf4 35. Nd4 R4f6 36. Nf3 Rg8 37. Ne5 Rh6 38. Nf7+ {Black resigns}
1-0

[Event "Team 45 45 League T64"]
[Site "Internet Chess Club"]
[Date "2015.04.02"]
[Round "5"]
[White "Schachteufel"]
[Black "Tobiasdelmonte"]
[Result "0-1"]
[WhiteElo "1724"]
[BlackElo "1805"]
[Opening "Alekhine's defense: exchange variation"]
[ECO "B03"]
[Time "12:05:55"]
[TimeControl "2700+45"]

1. e4 Nf6 2. e5 Nd5 3. d4 d6 4. c4 Nb6 5. exd6 exd6 6. Nc3 Nc6 7. d5 Ne5 8. f4
Ng6 9. Bd3 Be7 10. Nf3 O-O 11. Be3 Bh4+ 12. Nxh4 Qxh4+ 13. g3 Qh3 14. Qd2 Re8
15. O-O-O Bg4 16. Rde1 Re7 17. Bd4 Rae8 18. Nb5 a6 19. Nxc7 Rxe1+ 20. Rxe1 Rxe1+
21. Qxe1 Nd7 22. Qd2 Bf5 23. Bxf5 Qxf5 24. Ne8 Qe4 25. Nxd6 Qh1+ 26. Kc2 b5 27.
b3 h5 28. Qe2 Ndf8 29. Nf5 f6 30. d6 Kf7 31. c5 Ne6 32. d7 Qd5 33. Nd6+ Ke7 34.
Bg1 f5 35. Qd2 Qxd2+ 36. Kxd2 Kxd7 37. Nxf5 Kc6 38. b4 Ngf8 39. Nd4+ Nxd4 40.
Bxd4 g6 41. Ke3 Kd5 42. h3 Ne6 43. Be5 Kc4 44. a3 Kd5 45. Kd3 a5 46. g4 a4 47.
Bd6 Nd4 48. Be5 Ne6 49. Bb8 Nd4 50. Bd6 Ne6 51. f5 gxf5 52. gxf5 Ng5 53. h4 Nf3
54. f6 Ke6 55. Ke4 Nxh4 56. c6 Kxd6 57. f7 Ng6 58. Kf5 Nf8 59. Kg5 h4 60. Kxh4
Kxc6 61. Kg5 Kd6 62. Kf6 Kd7 63. Ke5 Kc6 64. Kf6 Kd6 65. Kg7 Ke7 66. Kg8 Ne6 67.
Kh7 Kxf7 68. Kh6 Nd4 69. Kg5 Ke6 70. Kf4 Nc2 71. Ke4 Nxa3 72. Kd4 Kd6 73. Kc3
Kd5 74. Kb2 Nc4+ 75. Kc3 a3 76. Kb3 Ke4 77. Ka2 Kd3 78. Kb3 Kd2 79. Ka2 Kc3 80.
Ka1 Kxb4 81. Ka2 Ka4 82. Ka1 b4 83. Kb1 b3 84. Ka1 Kb4 85. Kb1 b2 86. Ka2 Kc3
87. Kb1 Nd2+ 88. Ka2 b1=Q+ 89. Kxa3 Qb3# {White checkmated} 0-1

[Event "Team 45 45 League T64"]
[Site "Internet Chess Club"]
[Date "2015.04.01"]
[Round "5"]
[White "pauliewoll"]
[Black "OzymandiasVII"]
[Result "1-0"]
[WhiteElo "1772"]
[BlackElo "1646"]
[Opening "Scandinavian: Pytel-Wade variation"]
[ECO "B01"]
[Time "10:33:27"]
[TimeControl "2700+45"]

1. e4 d5 2. exd5 Qxd5 3. Nc3 Qd6 4. Nf3 Bg4 5. Be2 Nf6 6. d4 c6 7. O-O e6 8. Re1
Be7 9. h3 Bh5 10. Ne5 Bxe2 11. Rxe2 O-O 12. Bf4 Qd8 13. Ne4 Nd5 14. Bh2 Nd7 15.
c4 N5f6 16. Qd3 h6 17. Nxf6+ Bxf6 18. Ng4 Be7 19. Rae1 Nf6 20. Ne5 Nh7 21. Bf4
Bb4 22. Rd1 Qh4 23. Bg3 Qd8 24. a3 Bd6 25. d5 Bxe5 26. Rxe5 cxd5 27. cxd5 exd5
28. Rxd5 Qb6 29. b4 Ng5 30. Rd6 Qc7 31. Rxh6 Rfd8 32. Bxc7 Rxd3 33. Rxd3 gxh6
34. Rd7 Ne6 35. Be5 b6 36. g4 a5 37. Rd6 axb4 38. axb4 b5 39. Rb6 Ng5 40. Kg2
Kh7 41. Rxb5 Ra3 42. Rb6 Rxh3 43. Bg3 h5 44. Rb5 f6 45. Rxg5 {Black resigns} 1-0

[Event "Team 45 45 League T64"]
[Site "Internet Chess Club"]
[Date "2015.04.03"]
[Round "5"]
[White "tightfist"]
[Black "Ajolote"]
[Result "0-1"]
[WhiteElo "1558"]
[BlackElo "1704"]
[Opening "Polish (Sokolsky) opening"]
[ECO "A00"]
[Time "19:01:24"]
[TimeControl "2700+45"]

1. b4 d5 2. Bb2 e6 3. Nf3 Nf6 4. a3 Bd6 5. e3 Nbd7 6. c4 c6 7. Nc3 O-O 8. d4 Re8
9. c5 Bc7 10. Bd3 e5 11. dxe5 Nxe5 12. Nxe5 Bxe5 13. O-O Qc7 14. f4 Bxc3 15.
Bxc3 Ng4 16. Qb1 h6 17. e4 dxe4 18. Bxe4 Bd7 19. Qd3 Rad8 20. Qf3 f5 21. Bd3 Re3
22. Qd1 Be6 23. Rf3 Rdxd3 24. Bd2 Rxf3 25. gxf3 Qd7 26. fxg4 Rxd2 27. Qe1 Qd4+
28. Kf1 Bc4+ 29. Qe2 Rxe2 30. Re1 Qf2# {White checkmated} 0-1

[Event "Team 45 45 League T64"]
[Site "Internet Chess Club"]
[Date "2015.04.02"]
[Round "5"]
[White "juniorVishy"]
[Black "TillyChess"]
[Result "1/2-1/2"]
[WhiteElo "1939"]
[BlackElo "2074"]
[Opening "Dutch defense, Rubinstein variation"]
[ECO "A40"]
[Time "15:04:41"]
[TimeControl "2700+45"]

1. d4 e6 2. c4 f5 3. Nc3 Nf6 4. Bd2 Be7 5. Nf3 O-O 6. e3 d5 7. Be2 c6 8. O-O Ne4
9. h3 Nd7 10. Rc1 Qe8 11. Qc2 Qf7 12. Be1 a5 13. Nd2 Nxd2 14. Bxd2 b6 15. cxd5
exd5 16. Bd3 Ba6 17. Bxa6 Rxa6 18. Ne2 b5 19. Nf4 Rfa8 20. Nd3 Bd6 21. f4 Nf6
22. Ne5 Bxe5 23. fxe5 Ne4 24. Be1 Qd7 25. Qe2 R6a7 26. Qf3 Rf8 27. g4 g6 28. Qg2
Kh8 29. Rf4 Qe6 30. b4 a4 31. a3 Raf7 32. Kh2 fxg4 33. Qxg4 Qxg4 34. hxg4 Rxf4
35. exf4 Rxf4 36. Rxc6 Kg8 37. Rb6 Rf1 38. Bg3 Rf3 39. e6 Kf8 40. Bd6+ Nxd6 41.
Rxd6 Ke7 42. Rxd5 Rxa3 43. Rxb5 Kxe6 44. Ra5 Kd6 45. Kg2 Kc6 46. g5 Ra1 47. Rc5+
Kd6 48. Ra5 {Game drawn by mutual agreement} 1/2-1/2

[Event "Team 45 45 League T64"]
[Site "Internet Chess Club"]
[Date "2015.04.04"]
[Round "5"]
[White "pishd"]
[Black "anna"]
[Result "1-0"]
[WhiteElo "1735"]
[BlackElo "1782"]
[Opening "Queen's pawn game"]
[ECO "D04"]
[Time "10:09:29"]
[TimeControl "2700+45"]

1. d4 d5 2. Nf3 Nf6 3. e3 Bf5 4. Nbd2 e6 5. Ne5 Nbd7 6. g4 Bg6 7. h4 h6 8. Nxg6
fxg6 9. Bd3 Kf7 10. Qf3 Kg8 11. Bxg6 Bd6 12. g5 hxg5 13. hxg5 Rxh1+ 14. Qxh1 Ne8
15. Qh7+ Kf8 16. Qh8+ Ke7 17. Qg8 Bb4 18. c3 Ba5 19. e4 {Black resigns} 1-0

[Event "Team 45 45 League T64"]
[Site "Internet Chess Club"]
[Date "2015.04.07"]
[Round "5"]
[White "JasonModer"]
[Black "elmaestro"]
[Result "0-1"]
[WhiteElo "1816"]
[BlackElo "1765"]
[Opening "Dutch defense"]
[ECO "A92"]
[Time "16:30:15"]
[TimeControl "2700+45"]

1. d4 f5 2. c4 e6 3. g3 Nf6 4. Bg2 Be7 5. Nf3 O-O 6. O-O a5 7. Nc3 d6 8. Qc2 Nc6
9. a3 e5 10. d5 Nb8 11. Rd1 Qe8 12. Rb1 Qh5 13. b4 axb4 14. axb4 f4 15. gxf4 Bh3
16. fxe5 Bxg2 17. Kxg2 dxe5 18. Bg5 Nbd7 19. Rg1 Ng4 20. Bxe7 Rxf3 21. Ne4 Qh3+
22. Kh1 Qxh2# {White checkmated} 0-1

[Event "Team 45 45 League T64"]
[Site "Internet Chess Club"]
[Date "2015.04.04"]
[Round "5"]
[White "ILRE"]
[Black "ausya"]
[Result "1/2-1/2"]
[WhiteElo "1677"]
[BlackElo "1736"]
[Opening "King's Indian: London system"]
[ECO "A48"]
[Time "17:20:25"]
[TimeControl "2700+45"]

1. d4 Nf6 2. Nf3 g6 3. Bf4 Bg7 4. h3 d6 5. e3 Nbd7 6. c3 O-O 7. Nbd2 c5 8. Be2
cxd4 9. exd4 Nb6 10. O-O Bd7 11. Re1 Bc6 12. Bd3 Re8 13. Qc2 Nh5 14. Bh2 Nd5 15.
Ne4 Nhf4 16. Bf1 e5 17. dxe5 dxe5 18. Rad1 Qc7 19. Ng3 Rad8 20. Nd2 Nb6 21. Nde4
Rd5 22. Rxd5 Nbxd5 23. a3 Rd8 24. Rd1 Nf6 25. Nxf6+ Bxf6 26. Rxd8+ Qxd8 27. Ne4
Bg7 28. Bxf4 exf4 29. f3 Qb6+ 30. Kh1 Qe3 31. Qd3 Qxd3 32. Bxd3 Bxe4 33. Bxe4 b6
34. Kg1 Kf8 35. Kf1 {Game drawn by mutual agreement} 1/2-1/2

[Event "Team 45 45 League T64"]
[Site "Internet Chess Club"]
[Date "2015.04.05"]
[Round "5"]
[White "LittleButton"]
[Black "room-matt"]
[Result "0-1"]
[WhiteElo "1837"]
[BlackElo "1898"]
[Opening "QGA: classical, Rubinstein variation"]
[ECO "D27"]
[Time "14:03:27"]
[TimeControl "2700+45"]

1. d4 d5 2. Nf3 Nf6 3. c4 dxc4 4. e3 e6 5. Bxc4 c5 6. O-O a6 7. a4 Nc6 8. Qe2
cxd4 9. Rd1 Be7 10. exd4 O-O 11. Nc3 Nd5 12. Nxd5 exd5 13. Bd3 Nb4 14. Bb1 Re8
15. Ne5 Be6 16. Qh5 g6 17. Nxg6 hxg6 18. Bxg6 Bf6 19. Qh7+ Kf8 20. Bh6+ Ke7 21.
Re1 Kd7 22. Bxf7 Bxf7 23. Qxf7+ Re7 24. Qg6 Nc6 25. Bf4 Nxd4 26. Rac1 Rc8 27.
Qg4+ Re6 28. Rcd1 Qg8 29. Qh5 Rc5 30. b4 Rxe1+ 31. Rxe1 Rc2 32. h4 Rb2 33. Be5
Bxe5 34. Qxe5 Nf3+ {White resigns} 0-1

[Event "Team 45 45 League T64"]
[Site "Internet Chess Club"]
[Date "2015.04.06"]
[Round "5"]
[White "Goli"]
[Black "chess09"]
[Result "1/2-1/2"]
[WhiteElo "1757"]
[BlackElo "1869"]
[Opening "Sicilian: Alapin's variation (2.c3)"]
[ECO "B22"]
[Time "11:00:13"]
[TimeControl "2700+45"]

1. e4 c5 2. c3 d5 3. exd5 Qxd5 4. d4 e6 5. Nf3 Nc6 6. Be2 Nf6 7. O-O Be7 8. Na3
Qd8 9. Be3 cxd4 10. Nxd4 Nxd4 11. Bxd4 O-O 12. Nc4 Qc7 13. Be5 Qd7 14. Bf3 Rd8
15. Qxd7 Rxd7 16. Rfd1 Kf8 17. Na5 Nd5 18. c4 Nb6 19. Rxd7 Nxd7 20. Bc7 a6 21.
Bf4 e5 22. Be3 Rb8 23. Ba7 Ra8 24. Be3 Rb8 25. Ba7 Ra8 26. Be3 Rb8 27. Ba7 {Game
drawn by repetition} 1/2-1/2

[Event "Team 45 45 League T64"]
[Site "Internet Chess Club"]
[Date "2015.04.03"]
[Round "5"]
[White "OperaDude94"]
[Black "zap2"]
[Result "0-1"]
[WhiteElo "1803"]
[BlackElo "1730"]
[Opening "Pirc defense"]
[ECO "B07"]
[Time "03:37:52"]
[TimeControl "2700+45"]

1. e4 d6 2. d4 Nf6 3. f3 e5 4. dxe5 dxe5 5. Qxd8+ Kxd8 6. Bg5 Be6 7. Nc3 c6 8.
O-O-O+ Ke8 9. Bd3 Nfd7 10. Nge2 f6 11. Be3 Nc5 12. g4 Nbd7 13. Ng3 Nxd3+ 14.
Rxd3 Nc5 15. Rd2 Rd8 16. Rxd8+ Kxd8 17. a3 a5 18. Nf5 g6 19. Ng3 Ke8 20. g5 fxg5
21. Bxg5 Be7 22. f4 exf4 23. Bxf4 Rf8 24. Bc7 a4 25. e5 b5 26. Rf1 Rxf1+ 27.
Nxf1 Kd7 28. Bb6 Bh3 29. Nd2 Bg2 30. Kd1 Ke6 31. Bc7 Nd7 32. b3 axb3 33. cxb3
Bxa3 34. Ke2 Nxe5 35. Kf2 Bd5 36. Nxd5 Kxd5 37. Kg3 Bc1 38. Nf3 Nxf3 39. Kxf3 c5
{White resigns} 0-1

[Event "Team 45 45 League T64"]
[Site "Internet Chess Club"]
[Date "2015.04.05"]
[Round "5"]
[White "Duguesclin"]
[Black "Zugzwanged"]
[Result "1-0"]
[WhiteElo "1637"]
[BlackElo "1634"]
[Opening "Nimzo-Indian: Leningrad variation"]
[ECO "E30"]
[Time "10:02:08"]
[TimeControl "2700+45"]

1. d4 Nf6 2. c4 e6 3. Nc3 Bb4 4. Bg5 O-O 5. e3 c5 6. a3 cxd4 7. axb4 dxc3 8.
bxc3 b6 9. Nf3 Bb7 10. Be2 Qe7 11. O-O d6 12. Qb3 Nbd7 13. Rfd1 Rfd8 14. Nd4 h6
15. Bh4 a6 16. f3 Ne5 17. e4 Ng6 18. Bf2 Nf4 19. Bf1 d5 20. cxd5 exd5 21. Nf5
Qe6 22. g3 dxe4 23. Qxe6 Nxe6 24. Nd6 Bd5 25. Nxe4 Nxe4 26. fxe4 Bxe4 27. Bxb6
Rdc8 28. c4 Kf8 29. c5 Nc7 30. Bxc7 Rxc7 31. Rxa6 Rb8 32. Rd4 Bc6 33. Rd6 Bb5
34. Bxb5 Rxb5 35. Rab6 Rxb6 36. Rxb6 Ke7 37. Kf2 Kd7 38. Ke3 Ra7 39. b5 Ra3+ 40.
Ke4 Kc7 41. Rd6 Ra2 42. b6+ Kc8 43. h4 Ra3 44. c6 Rxg3 45. b7+ Kc7 46. Rd7+ Kxc6
47. b8=Q Rg4+ 48. Kf3 {Black resigns} 1-0